 Dungeon Crawl Stone Soup version 0.23.2-40-g277498a001 (webtiles) character file.

Game seed: 5601058574335237316

16 MalarOregon the Chiller (level 2, 0/20 HPs)
             Began as a Merfolk Ice Elementalist on Aug 24, 2019.
             Slain by an ogre
             ... wielding a +0 giant club
              (20 damage)
             ... on level 2 of the Dungeon.
             The game lasted 00:01:21 (733 turns).

MalarOregon the Chiller (Merfolk Ice Elementalist)   Turns: 733, Time: 00:01:21

Health: 0/20       AC:  3    Str:  8    XL:     2   Next: 58%
Magic:  2/5        EV: 13    Int: 14    God:
Gold:   48         SH:  0    Dex: 14    Spells: 4/5 levels left

rFire    . . .     SeeInvis .   c - +0 dagger
rCold    . . .     Gourm    .   (no shield)
rNeg     . . .     Faith    .   a - +0 robe
rPois    .         Spirit   .   (no helmet)
rElec    .         Reflect  .   b - +0 cloak
rCorr    .         Harm     .   (no gloves)
MR       .....                  (no boots)
Stlth    ++........             (no amulet)
HPRegen  0.06/turn              (no ring)
MPRegen  0.09/turn              (no ring)

@: no status effects
A: change form in water, swift swim, stealthy swim
a: no special abilities


You were on level 2 of the Dungeon.
You were not hungry.

You visited 1 branch of the dungeon, and saw 2 of its levels.

You collected 48 gold pieces.

Inventory:

Hand Weapons
 c - a +0 dagger (weapon)
   (You took it off a goblin on level 1 of the Dungeon)
Armour
 a - a +0 robe (worn)
 b - a +0 cloak (worn)
   (You found it on level 1 of the Dungeon)
Scrolls
 d - a scroll of fear {unknown}
 g - a scroll of identify {unknown}
Comestibles
 e - a ration {!d}
 f - 3 chunks of flesh


   Skills:
 + Level 0.8 Fighting
 + Level 3.0 Dodging
 + Level 2.5 Stealth
 + Level 2.2 Spellcasting
   Level 0.7 Conjurations
 + Level 3.5 Ice Magic


You had 4 spell levels left.
You knew the following spells:

 Your Spells              Type           Power        Failure   Level  Hunger
a - Freeze                Ice            ##..         5%          1    #......

Your spell library contained the following spells:

 Spells                   Type           Power        Failure   Level  Hunger
 Throw Frost              Conj/Ice       #.....       16%         2    ###....
 Ozocubu's Armour         Chrm/Ice       #.......     34%         3    ###....
 Throw Icicle             Conj/Ice       #.......     69%         4    #####..
 Summon Ice Beast         Ice/Summ       #.......     75%         4    #####..


Dungeon Overview and Level Annotations

Branches:
Dungeon (2/15)

Altars:


Message History

You kill the quokka!
You butcher the quokka corpse.
f - 3 chunks of flesh (gained 2)
You see here a quokka skeleton. x2
Your magical contamination has completely faded away.
Found 10 gold pieces.
You now have 48 gold pieces (gained 10).
Found 22 sling bullets.
Found a stone staircase leading down.
A frilled lizard and a kobold come into view.
The kobold moves out of view.
A frilled lizard is nearby!
A frilled lizard is nearby!
The kobold shouts!
There is an open door here.
The kobold closely misses you.
Aim: a kobold You freeze the kobold.
The frilled lizard hisses angrily.
The kobold closely misses you.
Aim: a kobold (heavily wounded)
You miscast Freeze.
You are very lightly contaminated with residual magic.
Nothing appears to happen.
The kobold barely misses you.
Aim: a kobold (heavily wounded)
You freeze the kobold.
You kill the kobold!
Aim: a frilled lizard You freeze the frilled lizard.
You kill the frilled lizard!
You see here a kobold corpse.
An ogre comes into view. It is wielding a +0 giant club.
The ogre moves out of view.
The ogre is too close now for your liking.
An ogre is nearby!
An ogre is nearby!
The ogre shouts!
There is a stone staircase leading down here.
You start resting.
The ogre is too close now for your liking.
Your magical contamination has completely faded away.
You see here a kobold corpse.
There is an open door here.
Aim: an ogre, wielding a +0 giant club You freeze the ogre.
The ogre closely misses you.
Aim: an ogre, wielding a +0 giant club (moderately wounded)
You freeze the ogre.
The ogre hits you with a +0 giant club!!
Ouch! That really hurt!
You die...

#.# #.#.## #.# #....#
#.#######.#
######.##......#.###
#.......O...>........
######.#####.#.#.....#
#.†..##.#.#.....#
####....##.#.#.....###
#.......O@...........
#####...##.#.#..(..#
#...##.#.#.....#
#...##.#.#.....#
######.#.#.######
#...............#
######.#.#.####.#
.....#.# #.# ###.#.#.#
#.#


You could see an ogre.

Vanquished Creatures
  An ooze (D:1)
  A goblin (D:1)
  A hobgoblin (D:1)
  A quokka (D:2)
  2 bats (D:1)
  3 frilled lizards
  2 kobolds
  3 rats (D:1)
14 creatures vanquished.

Notes
Turn   | Place    | Note
-------+----------+-------------------------------------------
     0 | D:1      | MalarOregon the Merfolk Ice Elementalist began the quest
                  | for the Orb.
     0 | D:1      | Reached XP level 1. HP: 13/13 MP: 3/3
   121 | D:1      | Reached XP level 2. HP: 16/20 MP: 0/5
   711 | D:2      | Noticed an ogre
   733 | D:2      | Slain by an ogre

Skill      XL: |  1  2 |
---------------+-------+-----
Dodging        | 3 |  3.0
Fighting       | |  0.8
Stealth        | |  2.5
Spellcasting   | |  2.2
Conjurations   | |  0.7
Ice Magic      | |  3.5

Action                   || total
-------------------------++-------
Melee: Dagger            ||     3
 Cast: Freeze            ||    23
Armor: Robe              ||     3
Dodge: Dodged            ||    18
